 Dungeon Crawl Stone Soup version 0.18.1-50-g88ac8fd (webtiles) character file.

51 Madoushi the Chopper (level 3, -2/34 HPs)
             Began as a Deep Dwarf Berserker on Nov 21, 2016.
             Was a Believer of Trog.
             Slain by a gnoll
             ... wielding a +0 club
              (5 damage)
             ... on level 2 of the Dungeon.
             The game lasted 00:06:40 (855 turns).

Madoushi the Chopper (Deep Dwarf Berserker)          Turns: 855, Time: 00:06:41

Health: -2/34      AC:  3    Str: 21    XL:     3   Next: 57%
Magic:  3/3        EV: 12    Int:  7    God:    Trog [**....]
Gold:   15         SH:  0    Dex: 12    Spells: 0 memorised, 2 levels left

rFire  . . .     SeeInvis .     q - +2 whip (flame)
rCold  . . .     Gourm    .     n - +0 leather armour
rNeg   . . .     Faith    .     (no shield)
rPois  .         Spirit   .     (no helmet)
rElec  .         Dismiss  .     (no cloak)
rCorr  .         Reflect  .     (no gloves)
SustAt .         Harm     .     (no boots)
MR     .....                    (no amulet)
Stlth  +.........               (no ring)
                                (no ring)

@: non-regenerating, not resistant to hostile enchantments, very unstealthy
A: damage resistance, recharge devices, sense surroundings 1, slow regeneration
3
a: Device Recharging, Berserk, Trog's Hand, Burn Spellbooks, Renounce Religion


You were on level 2 of the Dungeon.
You worshipped Trog.
Trog was pleased with you.
You were not hungry.

You visited 1 branch of the dungeon, and saw 2 of its levels.

You collected 15 gold pieces.

Inventory:

Hand Weapons
 a - a +0 hand axe
 f - a +0 club
 g - a +0 dagger
 j - a +0 mace
 k - a +0 dagger
 q - a +2 whip of flaming (weapon)
 t - a +0 club
 u - a cursed -2 flail
 w - a +0 halberd
Missiles
 m - 25 stones (quivered)
 r - 16 arrows
 s - 30 bolts
Armour
 b - a +0 animal skin
 l - a +0 robe
 n - a +0 leather armour (worn)
Wands
 c - a wand of heal wounds (4/9)
Scrolls
 h - a scroll of remove curse {unknown}
 i - a scroll of immolation {unknown}
 o - a scroll of teleportation {unknown}
 v - a scroll of magic mapping {unknown}
Potions
 e - a potion of curing {unknown}
 p - a potion of invisibility {unknown}
Comestibles
 d - a bread ration


   Skills:
 + Level 3.2 Fighting
 + Level 4.1 Axes
 + Level 2.3 Armour
 + Level 2.6 Dodging


You had 2 spell levels left.
You didn't know any spells.

Dungeon Overview and Level Annotations

Branches:
Dungeon (2/15)

Altars:


Innate Abilities, Weirdness & Mutations

You are resistant to damage.
You can recharge devices by infusing magical energy.
You passively map a small area around you.
You do not regenerate naturally.


Message History

Trog accepts your kill.
u - an enchanted flail
v - a scroll labeled CUWKILETHRE You see here a halberd.
w - a halberd A gnoll comes into view. It is wielding a club.
You closely miss the gnoll. The gnoll closely misses you.
You hit the gnoll but do no damage. The gnoll hits you with a club!
You barely miss the gnoll. The gnoll completely misses you.
You barely miss the gnoll. The gnoll closely misses you.
You hit the gnoll. You burn the gnoll.
The gnoll is moderately wounded.
The gnoll hits you with a club!
* * * LOW HITPOINT WARNING * * *
You hit the gnoll. You burn the gnoll.
The gnoll is heavily wounded.
You hit the gnoll. You burn the gnoll.
The gnoll is heavily wounded.
The gnoll hits you with a club!
You die...

,,....# .# , #..##.###.#
#.........# *#..<#.####
* #.......... * ,*
,*#...#.#####* ,
>*#...#... ,
#######..g##############
#.<#......@............#
#..#.##.##############.#
#.##.##.# #.# #.....#.#
#.# #######.# #.#
#......# #.#
#.####.##############.#
#......).....†......#.#
###################.#.#


You could see a gnoll.

Vanquished Creatures
  3 gnolls (D:2)
  2 ball pythons (D:1)
  2 goblins
  2 hobgoblins
  2 jackals (D:2)
  4 kobolds (D:1)
  4 bats
  3 rats (D:1)
22 creatures vanquished.

Notes
Turn   | Place    | Note
--------------------------------------------------------------
     0 | D:1      | Madoushi the Deep Dwarf Berserker began the quest for the Orb.
     0 | D:1      | Reached XP level 1. HP: 20/20 MP: 1/1
   374 | D:1      | Reached XP level 2. HP: 14/27 MP: 2/2
   744 | D:2      | Reached ** piety under Trog
   819 | D:2      | Reached skill level 4 in Axes
   819 | D:2      | Reached XP level 3. HP: 34/34 MP: 3/3
   855 | D:2      | Slain by a gnoll

Skill      XL: |  1  2 |
---------------+-------+-----
Fighting       | 3 |  3.2
Axes           | 4 |  4.1
Armour         | |  2.3
Dodging        | |  2.6

Action                   || total
-------------------------++-------
Melee: Hand axe          ||    32
       Whip              ||    22
Evoke: Wand              ||     1
 Stab: Sleeping          ||     1
Armor: Animal skin       ||    17
Dodge: Dodged            ||    41
